 Dungeon Crawl Stone Soup version 0.30.2 (webtiles) character file.

Game seed: 6252405634545105482

431370 Ashen the Genius of the Arcane (level 23, -13/185 HPs)
             Began as a Gnoll Summoner on Jan 29, 2024.
             Was the Champion of Sif Muna.
             Hit by a large rock thrown by a stone giant (33 damage)
             ... on level 2 of the Depths.
             The game lasted 07:08:28 (71767 turns).

Ashen the Genius of the Arcane (Gnoll Summoner)    Turns: 71767, Time: 07:08:28

Health: -13/185    AC: 24    Str:  7    XL:     23   Next: 92%
Magic:  5/44       EV: 19    Int: 27    God:    Sif Muna [******]
Gold:   551        SH:  0    Dex: 13    Spells: 7/56 levels left

rFire   . . .        z - +5 demon whip (elec)
rCold   . . .        (no shield)
rNeg    . . .        v - +4 troll leather armour {Pargi}
rPois   .            S - +2 helmet {SInv}
rElec   +            G - +2 cloak of the Thief {*Fog Slay-2 SInv Stlth+}
rCorr   +            (no gloves)
SInv    +            Z - +2 pair of boots
Will    ++...        s - amulet of faith
Stlth   +++++++      w - ring of wizardry
HPRegen 1.30/turn    x - ring of Gozag's Regard {rElec Will+ rCorr Str-2 Int+3}
MPRegen 0.29/turn

%: faith, wizardry (x1)
@: very slightly contaminated, studying 3 skills
A: fangs 1, strong nose, distributed training, claws 1, iridescent scales 1
}: 2/15 runes: barnacled, gossamer
a: Renounce Religion, Channel Magic, Forget Spell, Divine Exegesis


You were on level 2 of the Depths.
You worshipped Sif Muna.
Sif Muna was exalted by your worship.
You visited 9 branches of the dungeon, and saw 40 of its levels.
You also visited: Sewer, Volcano, Wizlab and Desolation.

You collected 5378 gold pieces.
You spent 4827 gold pieces at shops.

Inventory:

Hand Weapons
 j - a +3 eudemon blade of holy wrath
 z - a +5 demon whip of electrocution (weapon)
Missiles
 o - 14 throwing nets
Armour
 e - a +2 robe of willpower
 i - a +2 robe of the Archmagi
 v - a +4 troll leather armour (worn) {Pargi}
 B - a +3 kite shield of reflection
 G - the +2 cloak of the Thief (worn) {*Fog Slay-2 SInv Stlth+}
   (You acquired it on level 4 of the Vaults)

   *Fog:      It may release a thick cloud of smoke when the wearer is hurt.
   Slay:      It affects your accuracy & damage with ranged weapons and melee
   (-2).
   SInv:      It lets you see invisible.
   Stlth:     It makes you more stealthy.
 S - a +2 helmet of see invisible (worn)
 Z - a +2 pair of boots (worn)
Jewellery
 s - an amulet of faith (around neck)
 w - a ring of wizardry (left claw)
 x - the ring of Gozag's Regard (right claw) {rElec Will+ rCorr Str-2 Int+3}
   (You found it on level 4 of the Lair of Beasts)

   [ring of resist corrosion]

   Str:       It affects your strength (-2).
   Int:       It affects your intelligence (+3).
   rElec:     It insulates you from electricity.
   rCorr:     It protects you from acid and corrosion.
   Will:      It increases your willpower.
 F - a ring of flight
 N - the amulet "Liogoq" {Regen+ rCorr Stlth+}
   (You found it on level 2 of the Lair of Beasts)

   [amulet of regeneration]

   Regen:     It increases your rate of health regeneration.
   rCorr:     It protects you from acid and corrosion.
   Stlth:     It makes you more stealthy.
Wands
 a - a wand of mindburst (22)
 c - a wand of roots (35)
 y - a wand of flame (9)
 C - a wand of acid (16)
 K - a wand of charming (17)
 U - a wand of digging (10)
Scrolls
 d - 8 scrolls of immolation
 g - 3 scrolls of torment
 k - 5 scrolls of magic mapping
 l - 9 scrolls of fog
 n - 14 scrolls of teleportation
 p - 2 scrolls of vulnerability
 t - 7 scrolls of poison
 u - 3 scrolls of blinking
 H - 9 scrolls of fear
 J - 3 scrolls of amnesia
 P - a scroll of summoning
 R - a scroll of silence
 Y - 19 scrolls of identify
Potions
 b - 2 potions of magic
 f - 17 potions of curing
 h - 2 potions of invisibility
 m - 4 potions of berserk rage
 q - 3 potions of heal wounds
 r - 8 potions of might
 A - 4 potions of resistance
 D - 7 potions of haste
 E - 4 potions of mutation
 I - 6 potions of cancellation
 M - 7 potions of attraction
 O - 6 potions of lignification
 Q - 11 potions of brilliance
 T - 8 potions of ambrosia
 X - 5 potions of flight
Miscellaneous
 L - a phantom mirror
 V - a lightning rod (4/4)


   Skills:
 + Level 16.5 Fighting
 + Level 16.5 Short Blades
 + Level 16.5 Long Blades
 + Level 16.5 Axes
 + Level 17.5 Maces & Flails
 + Level 16.5 Polearms
 + Level 16.5 Staves
 + Level 16.5 Ranged Weapons
 + Level 16.8 Throwing
 + Level 16.5 Armour
 + Level 17.1 Dodging
 + Level 17.0 Stealth
 + Level 16.5 Shields
 + Level 16.5 Unarmed Combat
 + Level 17.2 Spellcasting
 + Level 14.0 Conjurations
 + Level 14.0 Hexes
 + Level 15.6 Summonings
 + Level 14.0 Necromancy
 + Level 14.0 Translocations
 + Level 14.0 Transmutations
 + Level 14.0 Fire Magic
 + Level 14.0 Ice Magic
 + Level 14.0 Air Magic
 + Level 14.0 Earth Magic
 + Level 14.0 Poison Magic
 + Level 18.2 Invocations
 + Level 16.5 Evocations


You had 7 spell levels left.
You knew the following spells:

 Your Spells              Type           Power      Damage    Failure   Level
a - Summon Cactus Giant   Summ           41%        N/A       1%          6
b - Spellforged Servitor  Conj/Summ      40%        N/A       1%          7
c - Animate Dead          Necr           78%        N/A       1%          4
d - Ozocubu's Refrigerat  Ice            39%        4d16      2%          7
e - Death Channel         Necr           39%        N/A       1%          6
f - Freezing Cloud        Conj/Ice/Air   39%        6-21      1%          5
g - Blink                 Tloc           100%       N/A       0%          2
h - Fireball              Conj/Fire      39%        3d16      1%          5
i - Orb of Destruction    Conj           39%        9d11      2%          7

Your spell library contained the following spells:

 Spells                   Type           Power      Damage    Failure   Level
 Apportation              Tloc           100%       N/A       0%          1
 Beastly Appendage        Tmut           100%       N/A       0%          1
 Foxfire                  Conj/Fire      100%       2x1d9     0%          1
 Freeze                   Ice            100%       1d10      0%          1
 Kiss of Death            Conj/Necr      100%       2d13      0%          1
 Magic Dart               Conj           100%       1d8       0%          1
 Necrotise                Necr           100%       1d9       0%          1
 Sandblast                Erth           100%       2d20      0%          1
 Shock                    Conj/Air       100%       1d9       0%          1
 Slow                     Hex            100%       N/A       0%          1
 Sting                    Tmut/Pois      100%       1d8       0%          1
 Summon Small Mammal      Summ           100%       N/A       0%          1
 Call Imp                 Summ           100%       N/A       0%          2
 Cigotuvi's Dreadful Rot  Necr/Pois/Air  100%       N/A       0%          2
 Ensorcelled Hibernation  Hex/Ice        100%       N/A       0%          2
 Lesser Beckoning         Tloc           100%       N/A       0%          2
 Momentum Strike          Conj/Tloc      100%       3d10      0%          2
 Passwall                 Tmut/Erth      65%        N/A       0%          2
 Poisonous Vapours        Pois/Air       100%       N/A       0%          2
 Scorch                   Fire           100%       2d9       0%          2
 Searing Ray              Conj           100%       2d8       0%          2
 Static Discharge         Conj/Air       100%       2-7/arc   0%          2
 Wereblood                Tmut           78%        N/A       0%          2
 Call Canine Familiar     Summ           82%        N/A       0%          3
 Summon Guardian Golem    Hex/Summ       80%        N/A       0%          3
 Confusing Touch          Hex            78%        N/A       1%          3
 Dazzling Flash           Conj/Hex       100%       N/A       1%          3
 Frozen Ramparts          Ice            100%       1d16      1%          3
 Gell's Gravitas          Tloc           78%        N/A       1%          3
 Hailstorm                Conj/Ice       78%        3d16      1%          3
 Ignite Poison            Fire/Tmut/Pois 78%        N/A       1%          3
 Inner Flame              Hex/Fire       78%        N/A       1%          3
 Mephitic Cloud           Conj/Pois/Air  78%        N/A       1%          3
 Ozocubu's Armour         Ice            78%        N/A       1%          3
 Portal Projectile        Hex/Tloc       100%       N/A       1%          3
 Spider Form              Tmut/Pois      78%        N/A       1%          3
 Stone Arrow              Conj/Erth      100%       3d13      1%          3
 Swiftness                Air            78%        N/A       1%          3
 Teleport Other           Tloc           78%        N/A       1%          3
 Tukima's Dance           Hex            78%        N/A       1%          3
 Vampiric Draining        Necr           78%        2d11      1%          3
 Vhi's Electric Charge    Tloc/Air       100%       N/A       1%          3
 Volatile Blastmotes      Fire/Tloc      100%       2d18      1%          3
 Airstrike                Air            39%        2d(6-22)  1%          4
 Anguish                  Hex/Necr       39%        N/A       1%          4
 Animate Armour           Summ/Erth      100%       N/A       1%          4
 Cause Fear               Hex            39%        N/A       1%          4
 Dispel Undead            Necr           78%        3d26      1%          4
 Flame Wave               Conj/Fire      78%        2d17      1%          4
 Fulminant Prism          Conj/Hex       39%        3d17      1%          4
 Ice Form                 Ice/Tmut       78%        N/A       1%          4
 Iskenderun's Mystic Bla  Conj/Tloc      78%        2d16      1%          4
 Leda's Liquefaction      Hex/Erth       39%        N/A       1%          4
 Manifold Assault         Tloc           78%        N/A       1%          4
 Olgreb's Toxic Radiance  Pois           78%        N/A       1%          4
 Passage of Golubria      Tloc           78%        N/A       1%          4
 Petrify                  Tmut/Erth      78%        N/A       1%          4
 Sticky Flame             Conj/Fire      78%        2d9       1%          4
 Summon Ice Beast         Ice/Summ       80%        N/A       1%          4
 Summon Lightning Spire   Summ/Air       80%        N/A       1%          4
 Agony                    Necr           78%        N/A       1%          5
 Alistair's Intoxication  Tmut/Pois      52%        N/A       1%          5
 Arcjolt                  Conj/Air       39%        1d49      1%          5
 Blade Hands              Tmut           39%        N/A       1%          5
 Borgnjor's Vile Clutch   Necr/Erth      39%        N/A       1%          5
 Irradiate                Conj/Tmut      39%        3d24      1%          5
 Iskenderun's Battlesphe  Conj           78%        2d13      1%          5
 Lee's Rapid Deconstruct  Erth           39%        3d19*     1%          5
 Metabolic Englaciation   Hex/Ice        39%        N/A       1%          5
 Silence                  Hex/Air        39%        N/A       1%          5
 Summon Forest            Summ/Tloc      40%        N/A       1%          5
 Summon Mana Viper        Hex/Summ       80%        N/A       1%          5
 Yara's Violent Unravell  Hex/Tmut       39%        3d16      1%          5
 Conjure Ball Lightning   Conj/Air       39%        3x3d13    1%          6
 Dispersal                Tloc           39%        N/A       1%          6
 Eringya's Noxious Bog    Tmut/Pois      39%        N/A       1%          6
 Iron Shot                Conj/Erth      39%        9d8       1%          6
 Plasma Beam              Fire/Air       39%        2x1d57    1%          6
 Simulacrum               Ice/Necr       39%        N/A       1%          6
 Starburst                Conj/Fire      39%        6d11      1%          6
 Statue Form              Tmut/Erth      52%        N/A       1%          6
 Haunt                    Necr/Summ      40%        N/A       1%          7
 Malign Gateway           Summ/Tloc      40%        N/A       1%          7
 Monstrous Menagerie      Summ           41%        N/A       1%          7
 Summon Hydra             Summ           41%        N/A       1%          7
 Dragon Form              Tmut           39%        N/A       2%          7
 Enfeeble                 Hex            39%        N/A       2%          7
 Storm Form               Tmut/Air       39%        N/A       2%          7
 Summon Horrible Things   Summ           41%        N/A       12%         8
 Borgnjor's Revivificati  Necr           39%        N/A       21%         8
 Discord                  Hex            39%        N/A       21%         8
 Disjunction              Tloc           39%        N/A       21%         8
 Ignition                 Fire           39%        3d12      21%         8
 Infestation              Necr           39%        N/A       21%         8
 Lehudib's Crystal Spear  Conj/Erth      39%        10d10     21%         8
 Maxwell's Capacitive Co  Air            39%        ∞         21%         8
 Necromutation            Tmut/Necr      39%        N/A       21%         8
 Dragon's Call            Summ           41%        N/A       83%         9
 Chain Lightning          Conj/Air       39%        3d52      96%         9
 Death's Door             Necr           39%        N/A       96%         9
 Fire Storm               Conj/Fire      39%        8d10      96%         9
 Polar Vortex             Ice            39%        N/A       96%         9
 Shatter                  Erth           39%        3d31*     96%         9


Dungeon Overview and Level Annotations

Branches:
Dungeon (15/15)            Temple (1/1) D:5            Lair (5/5) D:10
 Shoals (4/4) Lair:2       Spider (4/4) Lair:2        Slime (0/5) Lair:4
    Orc (2/2) D:10            Elf (3/3) Orc:2        Vaults (4/5) D:14
  Crypt (0/3) Vaults:2     Depths (2/4) D:15          Sewer (visited)
Volcano (visited)          WizLab (visited)         Desolation (visited)

Altars:
Ashenzari
Cheibriados
Dithmenos
Elyvilon
Fedhas
Gozag
Hepliaklqana
Kikubaaqudgha
Makhleb
Nemelex Xobeh
Okawaru
Qazlal
Ru
Sif Muna
Trog
Uskayaw
Vehumet
Wu Jian
Xom
Yredelemnul
Zin
The Shining One
Jiyva

Shops:
D:4 *   D:6 =   D:9 :   D:13 !   D:15 (   Orc:1 (   Orc:2 =*[   Elf:1 ?
Elf:2 (!**   Shoals:1 :   Vaults:1 [   Vaults:2 ((   Vaults:4 (

Portals:
Hell: Depths:1
Pandemonium: Orc:2 Depths:2

Annotations:
Depths:1 3 runed translucent doors, Ystuiga's ghost, journeyman MiBe


Innate Abilities, Weirdness & Mutations

You have very sharp teeth.
Your uncanny sense of smell can sniff out nearby items.
Your experience applies equally to all skills.
You have sharp fingernails.
You are partially covered in iridescent scales. (AC +2)


Message History

The orb of destruction hits the fire giant!!!
The fire giant is heavily wounded.
The fire giant gestures at you while chanting.
The fireball explodes!
The fireball engulfs you!!
Casting: Orb of Destruction (dangerous; 2% risk of failure)
Confirm with . or Enter, or press ? or * to list all spells.
You don't have enough magic to cast this spell.
The fire giant gestures at you while chanting.
The fireball explodes!
The fireball engulfs you!!
* * * LOW HITPOINT WARNING * * *
With a swish of your cloak, you release a cloud of fog.
The orb of destruction hits the fire giant!!!
You blow up the fire giant!
Sif Muna accepts your kill.
A stone giant comes into view.
The stone giant throws a large rock.
The large rock barely misses you.
The stone giant throws a large rock.
The large rock misses you.
Press: ? - help, v - describe, . - travel
Here: a frost giant, wielding a +2 battleaxe of freezing (grey smoke, moderately wounded)
The floor.
Unknown command.
Press: ? - help, v - describe, . - travel
Here: a stone giant, quivering large rocks The floor.
As you read the scroll of fear, it crumbles to dust.
You assume a fearsome visage.
The stone giant looks frightened!
The frost giant easily resists.
Okay, then.
Casting: Orb of Destruction (dangerous; 2% risk of failure)
Confirm with . or Enter, or press ? or * to list all spells.
You blink.
The frost giant casts a spell at you. The bolt of cold hits you!!!
* * * LOW HITPOINT WARNING * * *
As you read the scroll of fear, it crumbles to dust.
You assume a fearsome visage.
The frost giant resists with almost no effort.
The stone giant seems to regain its courage.
The stone giant throws a large rock.
The large rock hits you!!
You die...

*...........# #..#...#.§§.§#
*,**###.....# #.##.....§§§§#
,,,* #.###<# #.#......##§§#
*,,* #)# #.# #C#.......##§#
,,,* #.# #.# #.#....[...#§#
##+####'###'####.#.∩.....##§#
#.......#........#.....###C.#
##......#........#######....#
*#......#.......@...........#
*#......#.)...........####..#
*#......#.............'.....#
*#......#.............#####.#
*#......#..).....§§§..# #.#
*#......#....§.§C§§...# #.#
*#......#.....§§§Z.§..# *,*
*#......#....§.§§§§§..# *,*
*#......#.....§§§§§§§.# *,*


You could see a frost giant, a stone giant and a friendly iron troll zombie.

Vanquished Creatures
  A royal mummy (WizLab)
  A deep elf blademaster (Elf:2)
  A deep elf master archer (Elf:3)
  2 sphinxes
  Kirke (Lair:5)
  6 fire giants
  Roxanne (Elf:3)
  3 tengu reavers
  Ilsuiw (Shoals:2)
  A frost giant (Depths:1)
  6 emperor scorpions
  2 deep elf sorcerers
  Aizul (Spider:4)
  5 ghost moths
  8 vault wardens
  6 deep elf elementalists (Elf:3)
  The ghost of fun123 the Cardsharp, a journeyman DsFi of Nemelex Xobeh (Lair:5)
  17 ironbound preservers
  5 stone giants (Depths:1)
  2 broodmothers (Spider:4)
  8 very ugly things
  A deep elf demonologist (Elf:1)
  An ironbound thunderhulk (Vaults:1)
  A halazid warlock (Desolation)
  4 deep elf annihilators (Elf:3)
  3 dire elephants (Vaults:2)
  A crystal guardian (Vaults:4)
  6 deep elf death magi (Elf:3)
  8 merfolk javelineers
  A ragged hierophant (Desolation)
  12 merfolk impalers
  5 yaktaur captains
  2 mummy priests (WizLab)
  An ettin (Depths:2)
  6 entropy weavers
  A spriggan zombie (WizLab)
  2 deep elf high priests (Vaults:4)
  A fire dragon (Depths:2)
  7 great orbs of eyes
  8 vault guards
  4 ice dragons (Depths:1)
  8 hydras
  A two-headed ogre (D:9)
  3 ogre magi
  2 jorogumos
  A catoblepas (Lair:4)
  8 ironbound frosthearts
  2 merfolk avatars
  An anaconda (Depths:2)
  A death knight (D:14)
  8 centaur warriors
  A demonspawn (Orc:2)
  3 death yaks
  8 merfolk aquamancers (Shoals:4)
  5 radroaches
  15 dancing weapons
  A death scarab (Spider:4)
  A satyr (Shoals:3)
  A deep troll shaman (Depths:2)
  3 boulder beetles
  2 tengu warriors (D:15)
  2 deep troll earth magi (Depths:1)
  A hell hog (Depths:2)
  A vampire mage (Vaults:2)
  8 orc high priests (Orc:2)
  A spriggan berserker (Depths:2)
  The ghost of Ashen the Ogre Mage, a novice OgIE of Vehumet (D:9)
  A sun demon (Orc:2)
  7 skysharks
  18 deep elf knights
  A hell knight (D:15)
  An iron troll (D:15)
  2 sun moths
  Nergalle (Lair:1)
  A shadow wraith (Vaults:2)
  3 pharaoh ants
  A spark wasp zombie (WizLab)
  7 sea snakes
  30 deep trolls
  12 orb spiders
  5 steelbarb worms
  17 ironbound convokers
  6 deep elf archers
  6 orc knights
  4 wizards
  A sphinx zombie (WizLab)
  2 necromancers
  3 lindwurms
  6 orc sorcerers
  A phantasmal warrior (Vaults:2)
  40 deep elf pyromancers
  19 deep elf zephyrmancers
  35 harpies
  4 cyclopes
  15 wolf spiders
  12 fauns
  11 ugly things
  6 manticores
  20 elephants
  8 merfolk sirens
  A moth of wrath (Spider:4)
  12 vault sentinels
  A guardian serpent (Desolation)
  2 demonspawn zombies (WizLab)
  An orange demon (Orc:2)
  A guardian serpent (shapeshifter) (Elf:1)
  4 black mambas
  An ice statue (Lair:2)
  A black mamba (shapeshifter) (Elf:1)
  4 demonic crawlers
  13 water nymphs
  8 cane toads
  6 torpor snails
  A gargoyle (D:12)
  3 rime drakes
  2 unseen horrors (D:10)
  30 yaktaurs
  4 komodo dragons
  34 merfolk
  A tengu conjurer (Depths:1)
  A human skeleton (Vaults:2)
  A guardian mummy (WizLab)
  9 trolls
  8 polar bears
  10 wind drakes
  25 tarantellas
  7 hornets
  16 saltlings
  8 snapping turtles
  15 dream sheep
  6 blink frogs (Lair:5)
  20 jumping spiders
  A shadow (D:12)
  26 slime creatures
  8 air elementals
  A ynoxinul (Orc:2)
  13 spriggans (Lair:5)
  22 water elementals
  A human (D:14)
  26 yaks
  4 wyverns
  2 basilisks (Lair:3)
  20 culicivoras
  7 hogs (Lair:5)
  6 fire elementals
  A chaos spawn (Depths:2)
  48 redbacks
  2 vampire mosquitoes (D:13)
  A warg (Orc:1)
  10 water moccasins
  Duvessa (D:4)
  3 hell hounds (Volcano)
  24 orc warriors
  An elf zombie (Elf:2)
  4 ice beasts
  2 sky beasts (D:8)
  7 black bears
  7 ogres
  37 wolves
  11 centaurs
  4 boggarts (Lair:5)
  4 kobold brigands
  2 yaktaur zombies (Vaults:4)
  9 bullfrogs
  2 earth elementals
  5 scorpions
  2 wights (D:8)
  Dowan (D:4)
  6 killer bees
  A howler monkey (D:6)
  8 electric eels
  3 hounds
  A jelly (D:6)
  20 orc priests
  3 iguanas
  Natasha (twice) (D:3)
  12 orc wizards
  6 nameless horrors
  7 adders
  A shadow imp (D:5)
  A white imp (D:7)
  3 ufetubi
  2 worms
  58 orcs
  7 bats
  5 endoplasms
  2 giant cockroaches (Sewer)
  7 goblins
  7 hobgoblins
  2 jackals (D:5)
  8 kobolds
  3 quokkas
  4 ball pythons
  A frilled lizard (D:1)
  3 rats
1313 creatures vanquished.

Vanquished Creatures (collateral kills)
  Mennas (Vaults:3)
  Boris (Vaults:2)
  Frederick (Vaults:2)
  2 liches
  A titan (Depths:1)
  2 deep elf blademasters (Elf:3)
  2 deep elf master archers (Elf:3)
  The ghost of shugdite the Slayer, an adept MiFi of Okawaru (Shoals:2)
  Gastronok (Lair:2)
  Donald (Vaults:1)
  5 vault wardens
  An emperor scorpion (Spider:4)
  A frost giant (Depths:1)
  A ghost moth (Spider:4)
  7 ironbound preservers
  An orc warlord (Vaults:2)
  A stone giant (Depths:1)
  A war gargoyle (Vaults:4)
  5 very ugly things
  6 ironbound thunderhulks
  Nessos (Lair:5)
  11 dire elephants
  A deep elf demonologist (Elf:3)
  A halazid warlock (Desolation)
  A spark wasp (Spider:3)
  2 deep elf death magi (Elf:3)
  2 ettins
  4 crystal guardians (Desolation)
  A fire dragon (Depths:1)
  2 merfolk javelineers (Shoals:4)
  4 ragged hierophants (Desolation)
  5 yaktaur captains
  2 deep elf high priests (Elf:3)
  An entropy weaver (Vaults:2)
  2 great orbs of eyes (Vaults:2)
  3 ice dragons
  8 servants of whispers
  5 vault guards
  A hydra (Lair:1)
  4 peacekeepers
  3 radroaches
  A death knight (D:15)
  3 centaur warriors
  2 boulder beetles
  9 dancing weapons
  A merfolk aquamancer (Shoals:4)
  3 ironbound frosthearts
  An alligator snapping turtle (Shoals:4)
  A two-headed ogre (D:9)
  Urug (D:11)
  A deep troll shaman (Depths:2)
  A tengu warrior (Depths:2)
  3 deep troll earth magi
  A spriggan berserker (Depths:1)
  A hell knight (Depths:1)
  A deep elf knight (Elf:2)
  2 iron trolls (Depths:2)
  24 deep trolls
  3 pharaoh ants
  A sun moth (Spider:4)
  2 sea snakes
  A spriggan druid (Depths:2)
  An orb spider (Spider:2)
  2 tengu zombies (WizLab)
  A glowing orange brain (Depths:1)
  An orb spider (shapeshifter) (Depths:1)
  3 lindwurms
  3 deep elf pyromancers
  2 wizards
  4 deep elf zephyrmancers
  6 harpies
  7 ironbound convokers
  2 fire giant zombies (WizLab)
  2 necromancers
  An orc sorcerer (Orc:2)
  An oklob plant (Lair:5)
  2 stone giant zombies (WizLab)
  3 wolf spiders
  2 manticores
  5 ugly things
  A moth of wrath (Spider:2)
  2 elephants
  2 cyclopes
  Maurice (D:8)
  A black mamba (Lair:1)
  A frost giant skeleton (Vaults:2)
  2 guardian serpents (Desolation)
  A rime drake (Lair:1)
  An unseen horror (D:10)
  A torpor snail (Spider:1)
  2 komodo dragons
  8 vault sentinels
  A cane toad (Lair:1)
  2 demonic crawlers
  18 yaktaurs
  An ice devil (Lair:2)
  A freezing wraith (Vaults:2)
  A tengu conjurer (Depths:1)
  A guardian mummy (WizLab)
  A merfolk (Shoals:2)
  A red devil (Orc:2)
  A wind drake (Shoals:2)
  3 trolls (D:10)
  3 polar bears
  A troll (shapeshifter) (Depths:1)
  A tyrant leech (shapeshifter) (D:9)
  4 tarantellas
  21 saltlings (Desolation)
  A deep troll zombie (Vaults:2)
  A blink frog (Lair:4)
  An ice dragon zombie (Depths:1)
  3 snapping turtles
  A dream sheep (Lair:4)
  4 jumping spiders
  8 slime creatures
  A culicivora (Spider:4)
  A spriggan (Lair:5)
  An air elemental (Shoals:4)
  A wraith (D:12)
  3 shadows
  2 yaks (D:11)
  5 water elementals
  3 basilisks
  4 redbacks
  2 water moccasins
  A glowing shapeshifter skeleton (Vaults:4)
  5 orc warriors
  8 ice beasts
  2 sky beasts
  A black bear (D:8)
  2 ettin simulacra
  2 centaurs
  7 ogres
  A phantom (D:4)
  4 wolves
  3 kobold brigands
  3 human zombies
  A bullfrog (Lair:2)
  An earth elemental (Elf:3)
  2 scorpions
  10 wights
  5 killer bees (D:10)
  A howler monkey (D:9)
  3 electric eels
  A human simulacrum (Vaults:2)
  4 orc priests
  3 hounds (D:10)
  A sleepcap (D:5)
  7 orc wizards
  Natasha (D:3)
  2 iguanas
  2 white imps (Lair:2)
  An ufetubus (D:6)
  A dart slug (D:5)
  25 orcs
  A ball python (D:1)
  An endoplasm (D:1)
  A giant cockroach (D:1)
  2 hobgoblins
  A bat (D:1)
  A frilled lizard (D:1)
  A goblin (D:3)
  17 kobolds
  2 rats (D:1)
  A spectral orc (D:9)
481 creatures vanquished.

Vanquished Creatures (others)
  A storm dragon (Shoals:4)
  An ettin (D:15)
  Erica (Lair:2)
  A skyshark (Lair:5)
  Lodul (D:10)
  An ogre zombie (Vaults:2)
  A deep elf pyromancer (Elf:1)
  A deep elf zephyrmancer (Elf:1)
  6 centaur zombies
  A dire elephant zombie (Vaults:3)
  2 cane toads
  A rime drake (Lair:1)
  13 human zombies
  An iron troll zombie (Depths:2)
  2 harpy zombies (Vaults:2)
  A tengu conjurer (D:15)
  3 merfolk
  A wind drake (Lair:2)
  An ice dragon zombie (Depths:2)
  A jumping spider (Spider:2)
  3 yaks (D:11)
  2 slime creature zombies (Vaults:2)
  A water moccasin (Lair:3)
  12 deep troll zombies
  An entropy weaver zombie (Vaults:2)
  Pargi (Sewer)
  2 orc warriors (Orc:2)
  An orc zombie (Elf:1)
  8 elf zombies
  4 ogres (D:10)
  A wolf (D:10)
  10 yaktaur zombies
  An electric eel (D:10)
  An adder (D:6)
  2 orcs
91 creatures vanquished.

Grand Total: 1885 creatures vanquished

Notes
Turn   | Place    | Note
-------+----------+-------------------------------------------
     0 | D:1      | Ashen the Gnoll Summoner began the quest for the Orb.
     0 | D:1      | Reached XP level 1. HP: 13/13 MP: 6/6
   321 | D:1      | Reached XP level 2. HP: 16/19 MP: 5/7
   481 | D:1      | Learned a level 2 spell: Call Imp
   717 | D:1      | Found a faded altar of an unknown god.
   993 | D:2      | Reached skill level 5 in Spellcasting
   993 | D:2      | Reached XP level 3. HP: 21/25 MP: 7/9
  1297 | D:2      | Reached skill level 1 in Invocations
  1660 | D:3      | Reached skill level 1 in Fighting
  1660 | D:3      | Reached skill level 1 in Short Blades
  1660 | D:3      | Reached skill level 1 in Long Blades
  1660 | D:3      | Reached skill level 1 in Axes
  1660 | D:3      | Reached skill level 1 in Maces & Flails
  1660 | D:3      | Reached skill level 1 in Polearms
  1660 | D:3      | Reached skill level 1 in Staves
  1660 | D:3      | Reached skill level 1 in Ranged Weapons
  1660 | D:3      | Reached skill level 1 in Throwing
  1660 | D:3      | Reached skill level 1 in Armour
  1660 | D:3      | Reached skill level 1 in Shields
  1660 | D:3      | Reached skill level 1 in Unarmed Combat
  1660 | D:3      | Reached skill level 1 in Evocations
  1662 | D:3      | Noticed Natasha
  1669 | D:3      | Killed Natasha
  1670 | D:3      | Reached XP level 4. HP: 8/32 MP: 4/11
  1908 | D:3      | Noticed Natasha
  1917 | D:3      | Learned a level 3 spell: Call Canine Familiar
  1921 | D:3      | Learned a level 3 spell: Summon Guardian Golem
  1926 | D:3      | Learned a level 4 spell: Summon Lightning Spire
  1942 | D:3      | Killed Natasha
  1943 | D:3      | Reached skill level 1 in Conjurations
  1943 | D:3      | Reached skill level 1 in Hexes
  1943 | D:3      | Reached skill level 1 in Necromancy
  1943 | D:3      | Reached skill level 1 in Translocations
  1943 | D:3      | Reached skill level 1 in Transmutations
  1943 | D:3      | Reached skill level 1 in Fire Magic
  1943 | D:3      | Reached skill level 1 in Ice Magic
  1943 | D:3      | Reached skill level 1 in Air Magic
  1943 | D:3      | Reached skill level 1 in Earth Magic
  1943 | D:3      | Reached skill level 1 in Poison Magic
  1968 | D:3      | Found a sacrificial altar of Ru.
  2149 | D:3      | Noticed Natasha
  2160 | D:3      | Killed Natasha
  2161 | D:3      | Reached XP level 5. HP: 37/37 MP: 3/12
  2259 | D:3      | Found a glowing drain.
  2273 | Sewer    | Entered a sewer
  2325 | Sewer    | Noticed Pargi
  2341 | Sewer    | Killed Pargi
  2342 | Sewer    | Reached skill level 2 in Invocations
  2342 | Sewer    | Reached XP level 6. HP: 44/44 MP: 3/14
  2592 | D:3      | Reached skill level 5 in Dodging
  2941 | D:4      | Found a glowing golden altar of the Shining One.
  3135 | D:4      | Reached XP level 7. HP: 46/51 MP: 5/15
  3465 | D:4      | Noticed Duvessa
  3465 | D:4      | Noticed Dowan
  3474 | D:4      | Found a sparkling altar of Nemelex Xobeh.
  3766 | D:4      | Found Tattasets's CLEARANCE SALE!.
  3769 | D:4      | Bought a scroll of identify for 10 gold pieces
  3769 | D:4      | Bought a potion of resistance for 50 gold pieces
  3769 | D:4      | Bought a ring of magical power for 100 gold pieces
  4208 | D:5      | Entered Level 5 of the Dungeon
  4211 | D:5      | Reached skill level 5 in Stealth
  4247 | D:5      | Reached skill level 3 in Invocations
  4296 | D:5      | Found a staircase to the Ecumenical Temple.
  4308 | Temple   | Entered the Ecumenical Temple
  4440 | Temple   | Became a worshipper of Sif Muna the Loreminder
  4616 | D:5      | Reached XP level 8. HP: 43/58 MP: 9/16
  4880 | D:5      | Reached * piety under Sif Muna
  5033 | D:5      | Found Itrikhot's Magic Scroll Emporium.
  5036 | D:5      | Bought 3 scrolls of teleportation for 108 gold pieces
  5391 | D:6      | Found Zeteydam's Jewellery Shop.
  5419 | D:6      | Reached skill level 4 in Invocations
  5742 | D:6      | Reached XP level 9. HP: 42/65 MP: 12/18
  6157 | D:6      | Identified the +3 scale mail of Ashenzari's Grace {Fly
                  | rPois rN++ Str-5}
  6175 | D:6      | Found a faded altar of an unknown god.
  6214 | D:6      | Found a hazy altar of Hepliaklqana.
  6574 | D:7      | Reached ** piety under Sif Muna
  6720 | D:7      | Found the +2 ratskin cloak {*Rats rPois rN+ Str-1 Int-1
                  | Dex+1}
  7023 | D:7      | Noticed a komodo dragon
  7039 | D:7      | Killed a komodo dragon
  7040 | D:7      | Reached skill level 5 in Invocations
  7920 | D:8      | Reached skill level 5 in Fighting
  7920 | D:8      | Reached skill level 5 in Short Blades
  7920 | D:8      | Reached skill level 5 in Long Blades
  7920 | D:8      | Reached skill level 5 in Axes
  7920 | D:8      | Reached skill level 5 in Maces & Flails
  7920 | D:8      | Reached skill level 5 in Polearms
  7920 | D:8      | Reached skill level 5 in Staves
  7920 | D:8      | Reached skill level 5 in Ranged Weapons
  7920 | D:8      | Reached skill level 5 in Throwing
  7920 | D:8      | Reached skill level 5 in Armour
  7920 | D:8      | Reached skill level 5 in Shields
  7920 | D:8      | Reached skill level 5 in Unarmed Combat
  7920 | D:8      | Reached skill level 5 in Evocations
  7953 | D:8      | You fall into a shaft and drop 1 floor!
  8064 | D:9      | Found a basalt altar of Yredelemnul.
  8201 | D:9      | Reached XP level 10. HP: 74/74 MP: 20/20
  8214 | D:9      | Reached *** piety under Sif Muna
  8260 | D:9      | Found Tyudob's Book Shoppe.
  8327 | D:8      | Noticed Maurice
  8345 | D:8      | Killed Maurice
  8346 | D:8      | Found an ornate altar of the Wu Jian Council.
  8431 | D:8      | Identified the +6 falchion of Untimely Demise {vamp, Str+9
                  | Int+2}
  8687 | D:8      | Reached skill level 6 in Invocations
  9113 | D:8      | Reached **** piety under Sif Muna
  9385 | D:9      | Noticed a two-headed ogre
  9398 | D:9      | Killed a two-headed ogre
  9537 | D:9      | Noticed a two-headed ogre
  9542 | D:9      | Killed a two-headed ogre
  9543 | D:9      | Reached skill level 5 in Conjurations
  9543 | D:9      | Reached skill level 5 in Hexes
  9543 | D:9      | Reached skill level 5 in Necromancy
  9543 | D:9      | Reached skill level 5 in Translocations
  9543 | D:9      | Reached skill level 5 in Transmutations
  9543 | D:9      | Reached skill level 5 in Fire Magic
  9543 | D:9      | Reached skill level 5 in Ice Magic
  9543 | D:9      | Reached skill level 5 in Air Magic
  9543 | D:9      | Reached skill level 5 in Earth Magic
  9543 | D:9      | Reached skill level 5 in Poison Magic
  9543 | D:9      | Reached XP level 11. HP: 81/81 MP: 22/22
  9632 | D:9      | Found a runed translucent gate.
  9633 | D:9      | Found a runed translucent gate.
  9633 | D:9      | Found a runed translucent gate.
  9634 | D:9      | Found an opulent altar of Gozag.
  9634 | D:9      | Noticed a fire crab
  9634 | D:9      | Noticed a cyclops
  9636 | D:9      | Noticed Ashen's ghost (novice OgIE)
  9636 | D:9      | Noticed a green ugly thing
  9834 | D:9      | Noticed a faun
  9837 | D:9      | a faun changed into a floating eye
 10153 | D:9      | Noticed a quicksilver ooze
 10189 | D:10     | Entered Level 10 of the Dungeon
 10191 | D:10     | Found a staircase to the Orcish Mines.
 10481 | D:10     | Found a staircase to the Lair.
 10562 | D:10     | Reached skill level 7 in Invocations
 10589 | D:10     | Reached ***** piety under Sif Muna
 10867 | D:10     | Received a gift from Sif Muna
 11262 | D:10     | Noticed Lodul
 11310 | D:10     | Killed Lodul
 11571 | Lair:1   | Entered Level 1 of the Lair of Beasts
 11654 | Lair:1   | Noticed a boulder beetle
 11670 | Lair:1   | Killed a boulder beetle
 11909 | Lair:1   | Noticed a seven-headed hydra
 11929 | Lair:1   | Noticed a seven-headed hydra
 11947 | Lair:1   | Reached XP level 12. HP: 87/91 MP: 24/24
 11974 | Lair:1   | Noticed a five-headed hydra
 12009 | D:10     | Learned a level 5 spell: Freezing Cloud
 12162 | D:11     | Reached skill level 8 in Invocations
 12749 | D:11     | Noticed Urug
 13012 | D:10     | Learned a level 2 spell: Blink
 13078 | Lair:1   | Killed a five-headed hydra
 13079 | Lair:1   | Killed a seven-headed hydra
 13144 | Lair:1   | Noticed Nergalle
 13152 | Lair:1   | Killed Nergalle
 13214 | Lair:1   | Received a gift from Sif Muna
 13231 | Lair:1   | Got Bicseam's Grimoire of the Commander {god gift}
 14039 | Lair:2   | Noticed Gastronok
 14310 | Lair:2   | Found a hole to the Spider Nest.
 14427 | Lair:2   | Noticed a seven-headed hydra
 14437 | Lair:2   | Killed a seven-headed hydra
 14607 | Lair:2   | Noticed an eight-headed hydra
 14612 | Lair:2   | Killed an eight-headed hydra
 14613 | Lair:2   | Reached XP level 13. HP: 98/98 MP: 26/26
 14669 | Lair:2   | Reached skill level 9 in Invocations
 14764 | Lair:2   | Found a staircase to the Shoals.
 14820 | Lair:2   | Noticed Erica
 14837 | Lair:2   | Reached skill level 10 in Summonings
 14884 | Lair:2   | Identified the +0 chain mail of Fewecez {Rampage rC- Dex-2
                  | Stlth+}
 14965 | Lair:2   | Killed Erica
 15092 | Lair:2   | Killed Gastronok
 15666 | Lair:3   | Reached skill level 10 in Spellcasting
 16092 | Lair:3   | Received a gift from Sif Muna
 16095 | Lair:3   | Reached skill level 10 in Dodging
 16109 | Lair:3   | Got Sif Muna's Catalogue of Bruises {god gift}
 16865 | Lair:3   | Reached skill level 10 in Stealth
 17157 | Lair:4   | Reached XP level 14. HP: 108/108 MP: 18/28
 17160 | Lair:4   | Reached skill level 10 in Invocations
 17379 | Lair:4   | Found a dark tunnel.
 17387 | Volcano  | Entered a volcano
 17609 | Volcano  | Received a gift from Sif Muna
 17610 | Volcano  | Got Sif Muna's Collected Works on Evil Rallying {god gift}
 18348 | Lair:4   | Found a staircase to the Slime Pits.
 18555 | Lair:4   | Identified the ring of Gozag's Regard {rElec Will+ rCorr
                  | Str-2 Int+3}
 18750 | Lair:5   | Entered Level 5 of the Lair of Beasts
 18785 | Lair:5   | Noticed Nessos
 19241 | Lair:5   | Reached skill level 10 in Fighting
 19241 | Lair:5   | Reached skill level 10 in Short Blades
 19241 | Lair:5   | Reached skill level 10 in Long Blades
 19241 | Lair:5   | Reached skill level 10 in Axes
 19241 | Lair:5   | Reached skill level 10 in Maces & Flails
 19241 | Lair:5   | Reached skill level 10 in Polearms
 19241 | Lair:5   | Reached skill level 10 in Staves
 19241 | Lair:5   | Reached skill level 10 in Ranged Weapons
 19241 | Lair:5   | Reached skill level 10 in Throwing
 19241 | Lair:5   | Reached skill level 10 in Armour
 19241 | Lair:5   | Reached skill level 10 in Shields
 19241 | Lair:5   | Reached skill level 10 in Unarmed Combat
 19241 | Lair:5   | Reached skill level 10 in Evocations
 19273 | Lair:5   | Found a runed translucent door.
 19273 | Lair:5   | Noticed fun123's ghost (journeyman DsFi)
 19573 | Lair:5   | Noticed Kirke
 19608 | Lair:5   | Reached XP level 15. HP: 115/115 MP: 28/30
 19917 | Lair:5   | Reached skill level 11 in Invocations
 19920 | Lair:5   | Received a gift from Sif Muna
 19923 | Lair:5   | Got Sif Muna's Incunabulum of Searing Execration {god gift}
 20570 | Lair:5   | Killed Kirke
 20875 | Lair:5   | Identified the +4 scale mail "Zacu" {Drain rElec Dex+6}
 20909 | Lair:5   | Got the Parchment of Displaced Virulence
 21403 | D:4      | Killed Dowan
 21405 | D:4      | Killed Duvessa
 21483 | D:5      | Bought a scroll of teleportation for 36 gold pieces
 21483 | D:5      | Bought a scroll of identify for 24 gold pieces
 21483 | D:5      | Bought a scroll of vulnerability for 48 gold pieces
 21483 | D:5      | Bought a scroll of noise for 12 gold pieces
 21483 | D:5      | Bought a scroll of fear for 48 gold pieces
 21483 | D:5      | Bought a scroll of teleportation for 36 gold pieces
 21655 | Orc:1    | Entered Level 1 of the Orcish Mines
 21768 | Orc:2    | Entered Level 2 of the Orcish Mines
 22051 | Orc:2    | Received a gift from Sif Muna
 22059 | Orc:2    | Got Sakafyol's Thoughts on Ghastly Nausea {god gift}
 22373 | Orc:1    | Found Qojok's Antique Weapon Emporium.
 22630 | Orc:2    | Found a staircase to the Elven Halls.
 22635 | Orc:2    | Found a radiant altar of Vehumet.
 22896 | Orc:2    | Found Qaic Wuo's Magic Scroll Emporium.
 23048 | Orc:2    | Found Amaskizo's General Store.
 23175 | Orc:2    | Bought a scroll of blinking for 135 gold pieces
 23175 | Orc:2    | Bought a scroll of brand weapon for 171 gold pieces
 23175 | Orc:2    | Bought a scroll of fear for 72 gold pieces
 23175 | Orc:2    | Bought a scroll of identify for 36 gold pieces
 23175 | Orc:2    | Bought a scroll of fear for 72 gold pieces
 23175 | Orc:2    | Bought a scroll of identify for 36 gold pieces
 23176 | Orc:2    | Identified a scroll of acquirement
 23178 | Orc:2    | Acquired the ring "Poagafonk" {rPois rC++ Str+3 Int+6
                  | Dex-2}
 23221 | Orc:2    | Received a gift from Sif Muna
 23222 | Orc:2    | Got Sif Muna's Exposition on the Wild Xenotype {god gift}
 23615 | Orc:2    | Found Nelucraq's Antique Armour Boutique.
 23615 | Orc:2    | Found Uhyxt's Jewellery Shop.
 23616 | Orc:2    | Found a one-way gate leading to the halls of Pandemonium.
 24974 | D:13     | Got Sif Muna's Lessons on the Gathering
 24982 | D:13     | Learned a level 6 spell: Summon Cactus Giant
 25696 | D:13     | Reached XP level 16. HP: 87/123 MP: 20/32
 25703 | D:13     | Received a gift from Sif Muna
 25704 | D:13     | Got Sif Muna's Parchment of Peregrination and Incandescence
                  | {god gift}
 26027 | D:13     | Found Kof Fefi's Distillery.
 26038 | D:13     | Bought a potion of curing for 33 gold pieces
 26482 | D:14     | Reached skill level 12 in Invocations
 26708 | D:14     | Learned a level 5 spell: Summon Forest
 26781 | D:14     | Found a gate to the Vaults.
 26884 | D:14     | Identified the +3 leather armour "Dattyt" {Slay+6}
 27232 | D:15     | Entered Level 15 of the Dungeon
 27751 | D:15     | Found Quakhyte's Weapon Shoppe.
 27773 | D:15     | Found a staircase to the Depths.
 29086 | Shoals:1 | Entered Level 1 of the Shoals
 29086 | Shoals:1 | Found Mias's Vocational Training.
 30038 | Shoals:2 | Learned a level 5 spell: Fireball
 30385 | Shoals:2 | Noticed Ilsuiw
 30396 | Shoals:2 | Killed Ilsuiw
 30847 | Shoals:2 | Received a gift from Sif Muna
 30849 | Shoals:2 | Got Jijoifav's Octavo of Ensorcelling {god gift}
 31103 | Shoals:2 | Found a runed translucent door.
 31103 | Shoals:2 | Found a shimmering altar of Xom.
 31103 | Shoals:2 | Noticed shugdite's ghost (adept MiFi)
 31368 | Shoals:2 | Reached XP level 17. HP: 28/133 MP: 3/33
 31718 | Shoals:3 | Reached skill level 10 in Conjurations
 31718 | Shoals:3 | Reached skill level 10 in Hexes
 31718 | Shoals:3 | Reached skill level 10 in Necromancy
 31718 | Shoals:3 | Reached skill level 10 in Translocations
 31718 | Shoals:3 | Reached skill level 10 in Transmutations
 31718 | Shoals:3 | Reached skill level 10 in Fire Magic
 31718 | Shoals:3 | Reached skill level 10 in Ice Magic
 31718 | Shoals:3 | Reached skill level 10 in Air Magic
 31718 | Shoals:3 | Reached skill level 10 in Earth Magic
 31718 | Shoals:3 | Reached skill level 10 in Poison Magic
 32383 | Shoals:3 | Identified the +2 scale mail of the Barnacle {rElec rC++
                  | SInv Stlth-}
 32402 | Shoals:3 | Reached skill level 13 in Invocations
 32806 | Shoals:4 | Entered Level 4 of the Shoals
 32817 | Shoals:4 | Paralysed by an air elemental for 1 turns
 33044 | Shoals:4 | Received a gift from Sif Muna
 33276 | Shoals:4 | Paralysed by an air elemental for 1 turns
 33403 | Shoals:4 | Paralysed by an air elemental for 1 turns
 33409 | Shoals:4 | Reached ****** piety under Sif Muna
 33458 | Shoals:4 | Paralysed by an air elemental for 1 turns
 33463 | Shoals:4 | Paralysed by an air elemental for 1 turns
 33642 | Shoals:4 | Paralysed by an air elemental for 1 turns
 33685 | Shoals:4 | Received a gift from Sif Muna
 33686 | Shoals:4 | Got Sif Muna's Exposition on the Limned Wind {god gift}
 34358 | Shoals:4 | Identified the amulet of Freedom {Acrobat Will+}
 34757 | Shoals:4 | Reached XP level 18. HP: 123/141 MP: 15/35
 35247 | Shoals:4 | Received a gift from Sif Muna
 35254 | Shoals:4 | Got a barnacled rune of Zot
 35988 | D:6      | Bought a ring of wizardry for 420 gold pieces
 36003 | D:6      | Learned a level 7 spell: Spellforged Servitor
 36011 | D:6      | Learned a level 7 spell: Orb of Destruction
 36116 | D:6      | Bought a ring of wizardry for 420 gold pieces
 36528 | Spider:1 | Entered Level 1 of the Spider Nest
 36655 | Spider:1 | Gained mutation: You occasionally lose the ability to read
                  | scrolls when taking damage. [mutagenic glow]
 36679 | Spider:1 | Lost mutation: You occasionally lose the ability to read
                  | scrolls when taking damage. [potion of mutation]
 36679 | Spider:1 | Gained mutation: You have large cloven feet. [potion of
                  | mutation]
 36679 | Spider:1 | Gained mutation: You are frail. (-10% HP) [potion of
                  | mutation]
 36679 | Spider:1 | Gained mutation: Your mind is acute. (Int +4, Str/Dex -1)
                  | [potion of mutation]
 36680 | Spider:1 | Lost mutation: Your mind is acute. (Int +4, Str/Dex -1)
                  | [potion of mutation]
 36680 | Spider:1 | Lost mutation: You are frail. (-10% HP) [potion of
                  | mutation]
 36680 | Spider:1 | Lost mutation: You have large cloven feet. [potion of
                  | mutation]
 36680 | Spider:1 | Gained mutation: You are partially covered in iridescent
                  | scales. (AC +2) [potion of mutation]
 36680 | Spider:1 | Gained mutation: You have sharp fingernails. [potion of
                  | mutation]
 38411 | Spider:2 | Received a gift from Sif Muna
 38827 | Spider:2 | Reached skill level 14 in Invocations
 39068 | Spider:2 | Paralysed by a jorogumo for 1 turns
 40349 | Spider:2 | Received a gift from Sif Muna
 40350 | Spider:2 | Got Sif Muna's Incunable of Destruction {god gift}
 42648 | Spider:4 | Entered Level 4 of the Spider Nest
 42944 | Spider:4 | Reached XP level 19. HP: 129/149 MP: 16/37
 43376 | Spider:4 | Received a gift from Sif Muna
 44290 | Spider:4 | Identified the +0 robe of the Land of Plenty {Harm Int+2}
 44345 | Spider:4 | Noticed Aizul
 44359 | Spider:4 | Killed Aizul
 44644 | Spider:4 | Received a gift from Sif Muna
 45395 | Spider:4 | Found the +3 Mad Mage's Maulers {Infuse+∞ VampMP -Cast}
 45429 | Spider:4 | Got a gossamer rune of Zot
 46046 | Vaults:1 | Entered Level 1 of the Vaults
 46545 | Vaults:1 | Received a gift from Sif Muna
 46568 | Vaults:1 | Found a crumbling gateway.
 46573 | Desolati | Entered the Desolation of Salt
 46606 | Desolati | Learned a level 7 spell: Ozocubu's Refrigeration
 46802 | Desolati | Reached skill level 15 in Invocations
 46949 | Desolati | Identified the ring of the Tempest {rElec Int+4 Dex-2 SInv
                  | Stlth+}
 46952 | Desolati | Identified the amulet of Immorality {Spirit rF+ rC- Will+
                  | Str+2}
 46962 | Desolati | Identified the +4 robe "Wutiec" {rElec rF+ Dex+4 SInv}
 47007 | Desolati | Identified the +1 pair of boots of Disappointment {Harm
                  | Rampage Str-3}
 47127 | Desolati | Identified the ring of Tulips {rCorr SInv}
 47193 | Desolati | Identified the ring "Zacekir" {Fly rElec rN++ Dex-3}
 47478 | Desolati | Identified the ring "Ive Niam" {+Blink Fly}
 47698 | Desolati | Reached XP level 20. HP: 158/158 MP: 16/38
 47702 | Desolati | Identified the ring "Ypoj" {rElec rF- MP+9 AC+4 Stlth+}
 47703 | Desolati | Identified the ring of Izemor {rPois Str+4}
 47805 | Desolati | Identified the ring "Gaweet" {rF+ rN+ Str+2 Int+5}
 48436 | Vaults:1 | Got Sif Muna's Elucidation of the Hapless Discharge {god
                  | gift}
 48784 | Vaults:1 | Received a gift from Sif Muna
 48785 | Vaults:1 | Got Sif Muna's Codex of the Grim Geologist {god gift}
 48994 | Vaults:1 | Found Plog's Armour Emporium.
 49022 | Vaults:1 | Learned a level 6 spell: Death Channel
 49278 | Vaults:1 | Noticed Donald
 49286 | Vaults:1 | Killed Donald
 50396 | Vaults:1 | Reached skill level 15 in Spellcasting
 50421 | Vaults:1 | Learned a level 4 spell: Animate Dead
 50517 | Vaults:2 | Noticed Frederick
 50621 | Vaults:2 | Found Dilul's Distillery.
 50637 | Vaults:2 | Bought a potion of heal wounds for 110 gold pieces
 50637 | Vaults:2 | Bought a potion of brilliance for 88 gold pieces
 50637 | Vaults:2 | Bought a potion of haste for 220 gold pieces
 50637 | Vaults:2 | Bought a potion of might for 88 gold pieces
 50637 | Vaults:2 | Bought a potion of mutation for 176 gold pieces
 50637 | Vaults:2 | Bought a potion of curing for 66 gold pieces
 50637 | Vaults:2 | Bought a potion of curing for 66 gold pieces
 50637 | Vaults:2 | Bought a potion of attraction for 66 gold pieces
 51370 | Vaults:2 | Found Laosutoh's Weapon Emporium.
 51386 | Vaults:2 | Reached skill level 15 in Dodging
 51551 | Vaults:2 | Killed Frederick
 51932 | Vaults:2 | Reached skill level 15 in Stealth
 52177 | Vaults:2 | Received a gift from Sif Muna
 52185 | Vaults:2 | Got Sif Muna's Vademecum on the Baleful Blizzard {god gift}
 52190 | Vaults:2 | Noticed Boris
 52216 | Vaults:2 | Killed Boris
 52377 | Vaults:2 | Reached XP level 21. HP: 132/165 MP: 22/40
 52838 | Vaults:2 | Found Zuthreplu's Antique Weapon Shoppe.
 52871 | Vaults:2 | Found a staircase to the Crypt.
 53265 | Vaults:3 | Noticed Mennas
 53292 | Vaults:3 | Killed Mennas
 53369 | Vaults:3 | Reached skill level 16 in Invocations
 53515 | Vaults:3 | Received a gift from Sif Muna
 53530 | Vaults:3 | Got Sif Muna's Handbook of the Inconstant Fifth Circle {god
                  | gift}
 54687 | Vaults:3 | Reached skill level 15 in Fighting
 54687 | Vaults:3 | Reached skill level 15 in Short Blades
 54687 | Vaults:3 | Reached skill level 15 in Long Blades
 54687 | Vaults:3 | Reached skill level 15 in Axes
 54687 | Vaults:3 | Reached skill level 15 in Maces & Flails
 54687 | Vaults:3 | Reached skill level 15 in Polearms
 54687 | Vaults:3 | Reached skill level 15 in Staves
 54687 | Vaults:3 | Reached skill level 15 in Ranged Weapons
 54687 | Vaults:3 | Reached skill level 15 in Throwing
 54687 | Vaults:3 | Reached skill level 15 in Armour
 54687 | Vaults:3 | Reached skill level 15 in Shields
 54687 | Vaults:3 | Reached skill level 15 in Unarmed Combat
 54687 | Vaults:3 | Reached skill level 15 in Evocations
 55850 | Vaults:4 | Received a gift from Sif Muna
 56840 | Vaults:4 | Reached XP level 22. HP: 151/175 MP: 37/42
 57201 | Vaults:4 | Found Loits's Armour Boutique.
 57697 | Vaults:4 | Acquired 711 gold pieces
 57698 | Vaults:4 | Acquired the +2 cloak of the Thief {*Fog Slay-2 SInv
                  | Stlth+}
 57698 | Vaults:4 | Found the +2 cloak of the Thief {*Fog Slay-2 SInv Stlth+}
 57776 | Vaults:4 | Received a gift from Sif Muna
 57777 | Vaults:4 | Got Sif Muna's Teachings on the Flashy Serac {god gift}
 57966 | Vaults:4 | Found Pewituuli's Antique Weapon Shoppe.
 59275 | Depths:1 | Entered Level 1 of the Depths
 59445 | Elf:1    | Entered Level 1 of the Elven Halls
 59690 | Elf:1    | Found a magical portal.
 59721 | WizLab   | Entered Doroklohe's Tomb
 60030 | WizLab   | Noticed a royal mummy
 60437 | WizLab   | Received a gift from Sif Muna
 60438 | WizLab   | Got Sif Muna's Reference Book on the Arenous Blizzard {god
                  | gift}
 60489 | WizLab   | Killed a royal mummy
 60775 | Elf:1    | Reached skill level 17 in Invocations
 60934 | Elf:1    | Reached skill level 15 in Summonings
 61215 | Elf:1    | Found Wuxi's Magic Scroll Shop.
 61231 | Elf:1    | Bought a scroll of teleportation for 48 gold pieces
 61231 | Elf:1    | Bought a scroll of enchant weapon for 120 gold pieces
 61231 | Elf:1    | Bought a scroll of summoning for 152 gold pieces
 61231 | Elf:1    | Bought a scroll of blinking for 120 gold pieces
 61452 | Elf:1    | Identified the +5 shortbow "Niger" {flame, Fragile rC+
                  | Str+2}
 61858 | Elf:2    | Found Tofeth's Distillery.
 61929 | Elf:2    | Found a transporter.
 61931 | Elf:2    | Found Huedeoc's Antique Weapon Shop.
 62043 | Elf:2    | Found Sushrucof's General Store.
 62051 | Elf:2    | Bought a +2 helmet of see invisible for 344 gold pieces
 62063 | Elf:2    | Found Cuedau's General Store.
 62328 | Elf:2    | Found a huge runed translucent gate.
 62328 | Elf:2    | Found a huge runed translucent gate.
 62328 | Elf:2    | Found a huge runed translucent gate.
 62328 | Elf:2    | Found a huge runed translucent gate.
 62328 | Elf:2    | Found a huge runed translucent gate.
 62335 | Elf:2    | Identified the +8 mace of Desertification {elec, rF+++
                  | Will+ Int-3 SInv}
 62455 | Elf:2    | Found a transporter.
 63082 | Elf:2    | Received a gift from Sif Muna
 63121 | Elf:2    | Reached XP level 23. HP: 83/183 MP: 7/43
 63532 | Elf:3    | Entered Level 3 of the Elven Halls
 63770 | Elf:3    | Found a radiant altar of Vehumet.
 63813 | Elf:3    | Identified Roxanne's Quarto of Talus
 63813 | Elf:3    | Noticed Roxanne
 63824 | Elf:3    | Killed Roxanne
 64995 | Elf:3    | Identified the +12 flail of the Moon {pain, rElec Will+
                  | MP+9 Int-2}
 65161 | Elf:3    | Identified the ring "Laogeycu" {+Blink rPois rF++ rN+
                  | Str-4}
 65185 | Elf:3    | Identified the ring "Sita" {Fly Will+}
 65570 | Elf:3    | Received a gift from Sif Muna
 65586 | Elf:3    | Identified the +1 leather armour of Articulation {Int+3}
 65586 | Elf:3    | Identified the ring "Arufeil" {Str+6 Dex+2 SInv}
 65634 | Elf:3    | Identified the +1 short sword of the Gloaming {freeze,
                  | SInv}
 66024 | Elf:3    | Found a radiant altar of Vehumet.
 66509 | Elf:1    | Bought a scroll of amnesia for 64 gold pieces
 66509 | Elf:1    | Bought a scroll of amnesia for 64 gold pieces
 66509 | Elf:1    | Bought a scroll of fear for 64 gold pieces
 66509 | Elf:1    | Bought a scroll of fog for 64 gold pieces
 66691 | Shoals:1 | Bought a manual of Invocations for 1040 gold pieces
 66763 | Shoals:2 | Killed shugdite's ghost
 67111 | D:11     | Killed Urug
 67256 | D:9      | Killed Ashen's ghost
 67580 | Lair:5   | Killed fun123's ghost
 67629 | Lair:5   | Killed Nessos
 67968 | Lair:2   | Identified the amulet "Liogoq" {Regen+ rCorr Stlth+}
 69418 | Depths:1 | You fall into a shaft and drop 1 floor!
 69439 | Depths:2 | Noticed a caustic shrike
 69785 | Depths:1 | Identified the +0 spear of Fortitude {pain, Dex+2}
 69844 | Depths:1 | Found a runed translucent gate.
 69844 | Depths:1 | Found a runed translucent gate.
 69844 | Depths:1 | Found a runed translucent gate.
 69845 | Depths:1 | Found a viscous altar of Jiyva.
 69845 | Depths:1 | Noticed Ystuiga's ghost (journeyman MiBe)
 70344 | Depths:1 | Received a gift from Sif Muna
 70407 | Depths:1 | Reached skill level 18 in Invocations
 70578 | Depths:1 | Identified the +8 chain mail of Darkness {Drain rPois
                  | Will+++ Str-4}
 70630 | Depths:1 | Found a gateway to Hell.
 71767 | Depths:2 | Hit by a large rock thrown by a stone giant

Illustrated notes

Levels and vault maps discovered:
D:1:      saegor_arrival_simple_c, layout_loops_ring,
          dreamdust_ecumenical_altar_hidden_monk_grotto,
          chequers_serial_rivers_micro_b, kennysheep_another_room
D:2:      layout_basic
D:3:      layout_basic, nicolae_ru_awakened_eye, portal_sewer_entry_d,
          uniq_natasha
D:4:      layout_basic, nemelex_spade_bored_becter, lemuel_crystal_altar,
          chequers_serial_rivers_large_a, hangedman_decor_points,
          nicolae_shop_clearance, uniq_duvessa
D:5:      layout_rooms, minmay_temple_entry_ruins, serial_shops,
          nicolae_shop_rolled_up
D:6:      layout_loops_ring, beargit_hepliaklqana_dungeon_heroes,
          nicolae_wooded_promenade, roderic_malta_cross
D:7:      layout_basic
D:8:      layout_basic, mainiacjoe_overflow_alcove_1, uniq_maurice
D:9:      layout_loops_ring, yredelemnul_forgotten_temple_becter, serial_shops,
          shop_statue, ebering_ghost_gozag
D:10:     layout_irregular_city, erik_lair_island, david_orc_3, uniq_lodul
D:11:     layout_cave_pools, serial_rivers, chequers_serial_rivers_small_3,
          chequers_serial_rivers_large_b, chequers_serial_rivers_micro_c,
          chequers_serial_rivers_small_a, chequers_serial_rivers_room_b,
          chequers_serial_rivers_room_a, uniq_urug
D:12:     layout_rooms, serial_bayou_lake_a
D:13:     layout_long_grid, serial_shops, nicolae_lakefront_shop
D:14:     layout_basic, grunt_vaults_entry_fortified, hellmonk_bongcloud_opening
D:15:     hangedman_depths_entry_civil_slaughter, layout_layer_cave,
          serial_shops, nicolae_shop_window_shopping
Temple:   eino_temple_scatter_basement
Lair:1:   layout_gridlike, serial_bayou, serial_bayou_pond_e,
          serial_bayou_pond_e, serial_bayou_pond_d, serial_bayou_shore_a,
          minmay_shattered_shrine, uniq_nergalle
Lair:2:   layout_regular_city, minmay_shoals_entry_beasts,
          spider_nest_entry_funnel_web, ice2_lemuel, uniq_erica, uniq_gastronok
Lair:3:   layout_cave_pods, pdpol_lair_cavern_descent
Lair:4:   beast_lair_carwin_large_3, layout_loops_ring,
          dpeg_slime_entry_enclosed, enter_volcano_1, lookout_lair_type,
          infiniplex_staircase_pool_2
Lair:5:   minmay_lair_end_enchanted_forest, layout_gridlike,
          gammafunk_ghost_grave, infiniplex_staircase_pool, uniq_nessos,
          uniq_kirke
Shoals:1: layout_shoals, nicolae_shop_vocational
Shoals:2: layout_shoals, ebering_ghost_xom, uniq_ilsuiw
Shoals:3: layout_shoals, nicolae_shoals_mertower
Shoals:4: shoals_end_hellmonk_storm_palace [storm_palace_center_ruins,
          storm_palace_corner_blocked, storm_palace_corner_grid,
          storm_palace_corner_grid, storm_palace_corner_narrow]
Spider:1: layout_spider_delve
Spider:2: layout_spider_delve
Spider:3: layout_cave_pods
Spider:4: grunt_spider_rune_circles, hellmonk_motheaten_closet, uniq_aizul
Orc:1:    layout_diamond_mine, serial_shops, shop
Orc:2:    pf_orc_diabolical, layout_caves, basic_altar,
          nicolae_orc_sculptors_studio
Elf:1:    minmay_elf_arrival_plus, layout_gridlike, serial_shops,
          nicolae_shop_window_shopping, lightli_enter_wizlab_magi_temple,
          minmay_elf_crystal_hexagon
Elf:2:    elven_hall_of_blades_hangedman_alternative
          [mumra_blade_entry_bloodbath], layout_onion_city, serial_shops,
          nicolae_shop_drivethru, nicolae_shop_advertising_works
          [nicolae_subvault_shop_adworks], shop_fountains,
          nicolae_shop_pleasant_corner_grove
Elf:3:    minmay_elf_hall_statues, layout_geoelf_diagonals, basic_altar,
          uniq_roxanne
Vaults:1: portal_desolation_entry_nicolae_nacl, nicolae_vaults_holding_cells,
          nicolae_vaults_big_ls, hangedman_vaults_restitches,
          hangedman_vaults_maws, nicolae_vaults_taking_the_gang_shopping,
          hangedman_vaults_nodes, grunt_vaults_twisty,
          nicolae_vaults_tetromino_Z_2, layout_vaults_big_room, uniq_donald
Vaults:2: nicolae_vaults_cornered_office, nicolae_vaults_know_your_exits,
          nicolae_vaults_sesquioval_fish, nicolae_vaults_cornered_office,
          v_misc_3, nicolae_vaults_storage_closets_1, v_misc_24, v_pattern_2,
          v_alt_pattern_4, vaults_dpeg_doors, minmay_crypt_entry_simple_box,
          layout_vaults_maze_snakey, serial_shops, shop_fountains,
          nicolae_shop_back_alley_shop, shop, uniq_frederick, uniq_boris
Vaults:3: nicolae_vaults_tetromino_L_1, vaults_mumra_hex, v_misc_23,
          vaults_mumra_chevron, v_alt_pattern_4, hangedman_vaults_locks,
          nicolae_vaults_trapezoid_3, v_alt_pattern_6, nicolae_vaults_house_3,
          nicolae_vaults_doubleplus_tesselated, v_misc_2,
          nicolae_vaults_trapezoid_lopsided_2, ontoclasm_vaults_gateway,
          nicolae_vaults_network_quincunx
          [nicolae_vaults_network_quincunx_subvault,
          nicolae_vaults_network_quincunx_subvault,
          nicolae_vaults_network_quincunx_subvault,
          nicolae_vaults_network_quincunx_subvault,
          nicolae_vaults_network_quincunx_subvault], v_misc_25,
          nicolae_vaults_variable_pillar_hall, layout_vaults_omnibox,
          uniq_mennas
Vaults:4: nicolae_vaults_storage_room_water, vaults_mumra_minichess,
          nicolae_vaults_prndl, nicolae_vaults_library_corner,
          nicolae_vaults_what_the_h, nicolae_vaults_six-pack,
          vaults_standard_mumra_enter_the_diamond,
          nicolae_vaults_little_squares_2, dpeg_vaults_monster_box,
          layout_vaults_omnigrid, serial_shops, shop
Depths:1: layout_forbidden_donut, kennysheep_cross_landing,
          gammafunk_ghost_ooze, hell_entry, kennysheep_inner_square
Depths:2: hangedman_hanging_gardens, layout_gridlike, rand_demon_pan_entry_8,
          chequers_serial_rivers_small_b, hell_entry

Skill      XL: |  1  2  3  4  5  6  7  8  9 10 11 12 13 14 15 16 17 18 19 20 21 22 23 |
---------------+----------------------------------------------------------------------+-----
Spellcasting   | 5 6 7 8 9 10 11 12 13 14 15 16 17 | 17.2
Invocations    | 1 2 3 4 5 6 7 8 9 10 11 12 13 14 15 16 17 18 | 18.2
Fighting       | 1 2 3 5 6 7 8 9 10 11 12 13 14 15 16 | 16.5
Short Blades   | 1 2 3 5 6 7 8 9 10 11 12 13 14 15 16 | 16.5
Long Blades    | 1 2 3 5 6 7 8 9 10 11 12 13 14 15 16 | 16.5
Axes           | 1 2 3 5 6 7 8 9 10 11 12 13 14 15 16 | 16.5
Maces & Flails | 1 2 3 5 6 7 8 9 10 11 12 13 14 15 16 17 | 17.5
Polearms       | 1 2 3 5 6 7 8 9 10 11 12 13 14 15 16 | 16.5
Staves         | 1 2 3 5 6 7 8 9 10 11 12 13 14 15 16 | 16.5
Ranged Weapons | 1 2 3 5 6 7 8 9 10 11 12 13 14 15 16 | 16.5
Throwing       | 1 2 3 5 6 7 8 9 10 11 12 13 14 15 16 | 16.8
Armour         | 1 2 3 5 6 7 8 9 10 11 12 13 14 15 16 | 16.5
Shields        | 1 2 3 5 6 7 8 9 10 11 12 13 14 15 16 | 16.5
Unarmed Combat | 1 2 3 5 6 7 8 9 10 11 12 13 14 15 16 | 16.5
Evocations     | 1 2 3 5 6 7 8 9 10 11 12 13 14 15 16 | 16.5
Conjurations   | 1 2 3 4 5 6 7 8 9 10 11 12 13 14 | 14.0
Hexes          | 1 2 3 4 5 6 7 8 9 10 11 12 13 14 | 14.0
Necromancy     | 1 2 3 4 5 6 7 8 9 10 11 12 13 14 | 14.0
Translocations | 1 2 3 4 5 6 7 8 9 10 11 12 13 14 | 14.0
Transmutations | 1 2 3 4 5 6 7 8 9 10 11 12 13 14 | 14.0
Fire Magic     | 1 2 3 4 5 6 7 8 9 10 11 12 13 14 | 14.0
Ice Magic      | 1 2 3 4 5 6 7 8 9 10 11 12 13 14 | 14.0
Air Magic      | 1 2 3 4 5 6 7 8 9 10 11 12 13 14 | 14.0
Earth Magic    | 1 2 3 4 5 6 7 8 9 10 11 12 13 14 | 14.0
Poison Magic   | 1 2 3 4 5 6 7 8 9 10 11 12 13 14 | 14.0
Dodging        | 5 6 7 8 9 10 11 12 13 14 15 16 17 | 17.1
Stealth        | 5 6 7 8 9 10 11 12 13 14 15 16 17 | 17.0
Summonings     | 8 9 10 11 12 13 14 15 | 15.6

Action                     |  1- 3 |  4- 6 |  7- 9 | 10-12 | 13-15 | 16-18 | 19-21 | 22-24 || total
---------------------------+-------+-------+-------+-------+-------+-------+-------+-------++-------
  Melee: Unarmed           |    49 |       |       |       |     7 |       |       |       ||    56
         Bite              |    12 |     5 |    28 |    56 |   108 |   120 |   188 |   124 ||   641
         Punch             |     3 |       |    10 |    13 |    58 |    74 |   124 |    88 ||   370
         Dagger            |    70 |    71 |   231 |   364 |   152 |       |       |       ||   888
         Demon whip        |       |       |       |       |   601 |   728 |   901 |   750 ||  2980
         Staff             |       |       |       |       |       |     7 |       |       ||     7
   Cast: Summon Small Mamm |    14 |     3 |     5 |     6 |     3 |       |       |       ||    31
         Call Imp          |     2 |     4 |    15 |     6 |     1 |       |       |       ||    28
         Call Canine Famil |       |     7 |    40 |    61 |    27 |    11 |     5 |       ||   151
         Summon Guardian G |       |     3 |     2 |    40 |    15 |     9 |     1 |       ||    70
         Summon Lightning  |       |       |       |    21 |    20 |     6 |       |       ||    47
         Freezing Cloud    |       |       |       |    28 |   203 |   256 |    68 |    12 ||   567
         Blink             |       |       |       |     1 |     5 |    12 |    16 |    10 ||    44
         Summon Cactus Gia |       |       |       |       |     8 |    42 |    53 |    15 ||   118
         Fireball          |       |       |       |       |       |   104 |    55 |    15 ||   174
         Summon Forest     |       |       |       |       |       |     4 |       |       ||     4
         Spellforged Servi |       |       |       |       |       |    13 |    56 |    50 ||   119
         Orb of Destructio |       |       |       |       |       |     8 |    67 |   192 ||   267
         Death Channel     |       |       |       |       |       |       |    25 |     5 ||    30
         Animate Dead      |       |       |       |       |       |       |    14 |     5 ||    19
         Ozocubu's Refrige |       |       |       |       |       |       |    11 |    42 ||    53
 Invoke: Channel Magic     |       |       |       |       |     1 |     2 |     3 |     5 ||    11
         Forget Spell      |       |       |       |       |       |       |     2 |       ||     2
  Evoke: Wand              |       |     4 |       |     3 |     3 |     5 |     4 |     9 ||    28
         Phantom mirror    |       |       |       |       |       |       |     2 |       ||     2
    Use: Scroll            |       |       |       |     9 |    24 |    14 |     8 |    13 ||    68
         Potion            |       |       |       |       |     2 |     4 |     6 |     1 ||    13
   Stab: Sleeping          |     4 |     6 |    12 |     9 |     6 |     2 |     5 |     8 ||    52
         Distracted        |     2 |       |     3 |     6 |     3 |     3 |    21 |     7 ||    45
         Held in net/web   |       |       |       |       |       |       |     1 |       ||     1
 Armour: Robe              |    33 |     5 |       |       |       |       |       |       ||    38
         Troll leather arm |       |    10 |    63 |   131 |   169 |   335 |   338 |   212 ||  1258
  Dodge: Dodged            |    84 |    44 |   137 |   236 |   438 |   672 |   625 |   403 ||  2639
